[Event "January 2 Late 2024"]
[Site "https://www.chess.com"]
[Date "2024.01.02"]
[Round "4"]
[White "Do Valle Cardoso, Lucas"]
[Black "Plotnikov, Pavel"]
[Result "1-0"]
[Board "80"]
[TimeControl "180+1"]
[WhiteFideId "2163144"]
[BlackFideId "4170342"]
[WhiteElo "2696"]
[BlackElo "2498"]
[WhiteTeam "BRA"]
[BlackTeam "RUS"]
[WhiteClock "0:00:28"]
[BlackClock "0:00:00"]

1. e4 e6 2. d4 d5 3. Nc3 Nf6 4. Bg5 Be7 5. e5 Nfd7 6. Bxe7 Qxe7 7. f4 O-O 8. Nf3 c5 9. Qd2 Nc6 10. dxc5 Nxc5 11. O-O-O a6 12. Kb1 b5 13. Bd3 b4 14. Ne2 f6 15. exf6 Qxf6 16. g3 a5 17. Rhe1 a4 18. Ne5 Nxe5 19. fxe5 Qxe5 20. Nd4 Qd6 21. Qxb4 Bd7 22. Qa3 e5 23. Nb5 Bxb5 24. Bxb5 Kh8 25. Qe3 Rab8 26. c4 Qg6+ 27. Ka1 Nb3+ 28. axb3 axb3 29. Qxb3 Ra8+ 30. Ba4 Rfb8 31. Qa2 dxc4 32. Qxc4 Qb6 33. b3 Qb7 34. Rxe5 1-0

[Event "January 2 Late 2024"]
[Site "https://www.chess.com"]
[Date "2024.01.02"]
[Round "4"]
[White "Petre, Nad-Titus"]
[Black "Han, Yichen"]
[Result "0-1"]
[Board "81"]
[TimeControl "180+1"]
[WhiteFideId "1204165"]
[BlackFideId "1054430"]
[WhiteElo "2479"]
[BlackElo "2695"]
[WhiteTeam "ROU"]
[BlackTeam "NED"]
[WhiteClock "0:00:14"]
[BlackClock "0:00:36"]

1. Nf3 d5 2. g3 Bg4 3. Bg2 Nd7 4. d4 Ngf6 5. O-O e6 6. c4 c6 7. Qb3 Qb6 8. Nc3 Be7 9. c5 Qa6 10. Re1 O-O 11. e4 dxe4 12. Nxe4 Nxe4 13. Rxe4 Bf5 14. Re1 b6 15. Nh4 Bxh4 16. Bxc6 Rad8 17. gxh4 bxc5 18. Bxd7 Rxd7 19. dxc5 Rd4 20. f3 Rd3 21. Qb4 Rxf3 22. Bf4 Qc6 23. Bd6 Rc8 24. Rad1 Bh3 25. Rd2 Rf6 26. h5 Qf3 27. Qc3 Qf1+ 0-1

[Event "January 2 Late 2024"]
[Site "https://www.chess.com"]
[Date "2024.01.02"]
[Round "4"]
[White "Aarav Dengla"]
[Black "Delorme, Axel"]
[Result "0-1"]
[Board "82"]
[TimeControl "180+1"]
[WhiteFideId "45059756"]
[BlackFideId "632023"]
[WhiteElo "2687"]
[BlackElo "2479"]
[WhiteTeam "IND"]
[BlackTeam "FRA"]
[WhiteClock "0:00:37"]
[BlackClock "0:00:12"]

1. e4 c5 2. Nf3 d6 3. d4 cxd4 4. Nxd4 Nf6 5. Nc3 a6 6. Rg1 b5 7. g4 Bb7 8. Bg2 Nfd7 9. g5 e6 10. h4 Nb6 11. Qe2 N8d7 12. b3 Rc8 13. Bb2 b4 14. Nd1 Qc7 15. Ne3 Nc5 16. f3 d5 17. exd5 Nxd5 18. Nxd5 Qg3+ 19. Kf1 Bxd5 20. Nf5 Qf4 21. Nxg7+ Bxg7 22. Bxg7 Rg8 23. Qe5 Qxe5 24. Bxe5 Nd7 25. Bd6 Rxc2 26. f4 Nf6 27. Bxb4 Kd7 28. Rd1 Kc6 29. Bd2 Ne4 30. Bxe4 Bxe4 31. Rc1 Rd8 32. Rxc2+ Bxc2 33. Ke2 Bd3+ 34. Ke3 Bf5 35. Rc1+ Kb7 36. Ke2 Rd3 37. Be3 Rd5 38. Rc4 Bd3+ 39. Kf2 Bxc4 40. bxc4 Ra5 41. h5 Rxa2+ 42. Kg3 Ra3 43. Kf3 Kc6 44. Ke4 Rxe3+ 45. Kxe3 a5 46. Ke4 a4 47. Ke5 a3 48. Kf6 a2 49. Kxf7 a1=Q 50. g6 hxg6 51. hxg6 Qd4 52. g7 Qxf4+ 53. Ke7 Qg5+ 0-1

[Event "January 2 Late 2024"]
[Site "https://www.chess.com"]
[Date "2024.01.02"]
[Round "4"]
[White "Zhu, Jiner"]
[Black "Bochnicka, Vladimir"]
[Result "0-1"]
[Board "83"]
[TimeControl "180+1"]
[WhiteFideId "8608059"]
[BlackFideId "14943450"]
[WhiteElo "2687"]
[BlackElo "2477"]
[WhiteTeam "CHN"]
[BlackTeam "SVK"]
[WhiteClock "0:02:19"]
[BlackClock "0:01:29"]

1. d4 Nf6 2. c4 g6 3. Nc3 Bg7 4. e4 d6 5. f3 O-O 6. Be3 c6 7. Nge2 a6 8. a4 a5 9. Ng3 Na6 10. Be2 Nb4 11. O-O e5 12. d5 c5 13. Qd2 Ne8 14. f4 exf4 15. Bxf4 Qe7 16. Nb5 Bd7 17. Rae1 Bxb5 18. cxb5 b6 19. Bc4 Be5 20. Bh6 Ng7 21. Ne2 Rfe8 22. Kh1 Qh4 23. Ng1 Qxh2# 0-1

[Event "January 2 Late 2024"]
[Site "https://www.chess.com"]
[Date "2024.01.02"]
[Round "4"]
[White "Khatoev, Eduard"]
[Black "Sowa, Ryan"]
[Result "1/2-1/2"]
[Board "84"]
[TimeControl "180+1"]
[WhiteFideId "24145076"]
[BlackFideId "30901693"]
[WhiteElo "2684"]
[BlackElo "2616"]
[WhiteTeam "RUS"]
[BlackTeam "USA"]
[WhiteClock "0:00:07"]
[BlackClock "0:00:21"]

1. Nf3 b6 2. e3 Bb7 3. b3 Nf6 4. Nc3 g6 5. d4 Bg7 6. Be2 O-O 7. O-O d6 8. Ba3 c5 9. Bb2 Nbd7 10. Qd3 Qc7 11. d5 a6 12. a4 Ng4 13. h3 Nge5 14. Nxe5 Nxe5 15. Qd2 Nd7 16. f4 Nf6 17. Rad1 Rad8 18. g4 e6 19. dxe6 fxe6 20. g5 Ne4 21. Nxe4 Bxb2 22. Nxd6 Bd5 23. c4 Bg7 24. cxd5 Rxd6 25. Bxa6 exd5 26. Bd3 d4 27. e4 Kh8 28. Rf2 Rdd8 29. Bc4 Rde8 30. e5 h6 31. Qc2 Kh7 32. Rxd4 hxg5 33. Rd6 Rf5 34. Bd3 Ref8 35. Bxf5 Rxf5 36. Rg2 Qe7 37. h4 Bxe5 38. fxe5 Qxe5 39. Rd7+ Kg8 40. Qc4+ Kf8 41. Rd8+ Ke7 42. Re2 Kxd8 43. Qg8+ Kc7 44. Rxe5 Rxe5 45. Qg7+ Kd6 46. Qf6+ Kd5 47. Qf7+ Ke4 48. Qb7+ Kf4 49. Qf7+ Rf5 50. Qc7+ Kg4 51. Qc6 gxh4 52. Qg2+ Kh5 53. Qe2+ Kh6 54. Qe3+ Kh5 55. Qe2+ Kh6 56. Qe3+ Kh5 57. Qe2+ 1/2-1/2

[Event "January 2 Late 2024"]
[Site "https://www.chess.com"]
[Date "2024.01.02"]
[Round "4"]
[White "Sztokbant, Bernardo Vainzoff"]
[Black "Tanriverdi, Enes"]
[Result "0-1"]
[Board "85"]
[TimeControl "180+1"]
[WhiteFideId "2115956"]
[BlackFideId "34543279"]
[WhiteElo "2468"]
[BlackElo "2683"]
[WhiteTeam "BRA"]
[BlackTeam "TUR"]
[WhiteClock "0:00:00"]
[BlackClock "0:00:09"]

1. d4 Nf6 2. c4 e6 3. Nf3 b6 4. g3 Ba6 5. Qc2 c5 6. Bg2 Bb7 7. O-O cxd4 8. Nxd4 Bxg2 9. Kxg2 Qc8 10. b3 Be7 11. Nc3 Qb7+ 12. Kg1 O-O 13. Bf4 Rc8 14. Qd3 Na6 15. Rfd1 Nc5 16. Qf3 Qxf3 17. Nxf3 h6 18. Rac1 a6 19. Kg2 Kf8 20. Ne1 Ke8 21. Nd3 Nxd3 22. Rxd3 b5 23. cxb5 axb5 24. Nxb5 Rxc1 25. Bxc1 Rxa2 26. Kf3 d5 27. Rc3 e5 28. Rc8+ Kd7 29. Rc7+ Ke6 30. Nc3 Rc2 31. Nxd5 Rxc1 32. Rxc1 Nxd5 33. e4 Nb4 34. Rc7 g6 35. Rb7 f5 36. Rb6+ Bd6 37. Rb7 Nc2 38. exf5+ Kxf5 39. g4+ Ke6 40. Ke4 Nb4 41. Rh7 Nd5 42. Rxh6 Nf6+ 43. Kf3 e4+ 44. Ke2 Kf7 45. Rh8 Nxg4 46. h3 Nf6 47. Rc8 Ke6 48. Ra8 Nd5 49. Re8+ Kf5 50. Rd8 Ke5 51. Re8+ Be7 52. Rg8 Kf5 53. Kf1 Bf6 54. Rc8 g5 55. Rc5 Ke5 56. Rb5 Kd4 57. Rb7 Nf4 58. Rh7 Kc3 59. Rh6 Bd4 60. Rd6 Be5 0-1

[Event "January 2 Late 2024"]
[Site "https://www.chess.com"]
[Date "2024.01.02"]
[Round "4"]
[White "Morales Garcia, Sergio Joshafatt"]
[Black "Schmakel, Sam"]
[Result "0-1"]
[Board "86"]
[TimeControl "180+1"]
[WhiteFideId "5106249"]
[BlackFideId "2039311"]
[WhiteElo "2446"]
[BlackElo "2678"]
[WhiteTeam "MEX"]
[BlackTeam "USA"]
[WhiteClock "0:00:00"]
[BlackClock "0:00:26"]

1. d4 Nf6 2. c4 e6 3. Nf3 d5 4. Nc3 dxc4 5. e4 Bb4 6. Bg5 c5 7. Bxc4 cxd4 8. Nxd4 Bxc3+ 9. bxc3 Qa5 10. Bxf6 Qxc3+ 11. Kf1 gxf6 12. Rc1 Qa5 13. Qg4 Ke7 14. h4 Bd7 15. Qg7 Nc6 16. Nf5+ exf5 17. Bxf7 Raf8 18. Rd1 Ne5 19. Bb3+ Kd8 20. Rh3 Kc8 21. Kg1 fxe4 0-1

[Event "January 2 Late 2024"]
[Site "https://www.chess.com"]
[Date "2024.01.02"]
[Round "4"]
[White "Musalov, Ruslan"]
[Black "Riff, Vincent"]
[Result "0-1"]
[Board "87"]
[TimeControl "180+1"]
[WhiteFideId "4141490"]
[BlackFideId "617776"]
[WhiteElo "2438"]
[BlackElo "2677"]
[WhiteTeam "RUS"]
[BlackTeam "FRA"]
[WhiteClock "0:00:02"]
[BlackClock "0:01:24"]

1. e4 c5 2. Nf3 Nc6 3. d4 cxd4 4. Nxd4 e5 5. Nb5 d6 6. N1c3 a6 7. Na3 b5 8. Nd5 Nge7 9. c4 Nd4 10. cxb5 Nxd5 11. exd5 Be7 12. Bd3 O-O 13. O-O f5 14. bxa6 Bf6 15. Be3 e4 16. Bc4 Nf3+ 17. gxf3 Bxb2 18. Nc2 Bxa1 19. Nxa1 f4 20. Bd4 Bh3 21. Kh1 Bxf1 22. Qxf1 exf3 23. Nb3 Qg5 24. Qg1 Qxg1+ 25. Kxg1 Rfc8 26. Bd3 g5 27. a7 Rc7 28. a4 Rb7 29. Bb5 Kf7 30. h4 h6 31. Bc6 Raxa7 32. Bxa7 Rxb3 33. a5 g4 34. Kh2 Rb2 35. Bd4 Ra2 36. a6 g3+ 37. Kh3 g2 38. a7 g1=Q 39. a8=Q Rxa8 40. Bxa8 Qg2# 0-1

[Event "January 2 Late 2024"]
[Site "https://www.chess.com"]
[Date "2024.01.02"]
[Round "4"]
[White "Annaberdiyev, Meylis"]
[Black "Gabdushev, Ruslan"]
[Result "1-0"]
[Board "88"]
[TimeControl "180+1"]
[WhiteFideId "14000563"]
[BlackFideId "4137833"]
[WhiteElo "2677"]
[BlackElo "2436"]
[WhiteTeam "TKM"]
[BlackTeam "RUS"]
[WhiteClock "0:00:16"]
[BlackClock "0:00:00"]

1. e4 Nc6 2. Nf3 d6 3. d4 Nf6 4. d5 Nb8 5. Nc3 Bg4 6. Be2 Bxf3 7. gxf3 g6 8. f4 Nbd7 9. h4 c6 10. h5 Bg7 11. h6 Bf8 12. Be3 Qa5 13. Qd2 cxd5 14. exd5 e6 15. Bd4 e5 16. Be3 Be7 17. fxe5 dxe5 18. d6 Bd8 19. O-O-O a6 20. Kb1 O-O 21. Bf3 Bb6 22. Nd5 Qxd2 23. Ne7+ Kh8 24. Bxd2 Rab8 25. Bc3 Bxf2 26. Rhf1 Be3 27. Rh1 Ne8 28. a4 Bc5 29. Rhe1 f6 30. Bg4 f5 31. Rxe5 Nef6 32. Bh3 Nxe5 33. Bxe5 Rf7 34. Nd5 Rbf8 35. Nxf6 Rxf6 36. Bxf6+ Rxf6 37. d7 1-0

[Event "January 2 Late 2024"]
[Site "https://www.chess.com"]
[Date "2024.01.02"]
[Round "4"]
[White "Ramos Rivera, Jesse James"]
[Black "Sevgi, Volkan"]
[Result "0-1"]
[Board "89"]
[TimeControl "180+1"]
[WhiteFideId "3103250"]
[BlackFideId "6325335"]
[WhiteElo "2434"]
[BlackElo "2676"]
[WhiteTeam "PUR"]
[BlackTeam "TUR"]
[WhiteClock "0:00:00"]
[BlackClock "0:00:13"]

1. e4 c6 2. d4 d5 3. exd5 cxd5 4. c4 Nf6 5. Nc3 Nc6 6. Nf3 Be6 7. c5 g6 8. h3 Bg7 9. Bf4 Ne4 10. Be2 Qa5 11. Rc1 Bf5 12. O-O Nxc3 13. bxc3 O-O 14. Qb3 b6 15. Qb5 Qxb5 16. Bxb5 Na5 17. Rfe1 a6 18. Bf1 bxc5 19. Rxe7 Rfc8 20. Rc7 c4 21. Re1 Rxc7 22. Bxc7 Nc6 23. g4 Bd7 24. Rb1 h5 25. gxh5 gxh5 26. Rb6 a5 27. Ne5 Nxe5 28. Bxe5 Be6 29. Be2 Bh6 30. Bxh5 Bd2 31. f4 Bxc3 32. Rb7 Rf8 33. Kf2 Bb4 34. Rc7 Bf5 0-1

[Event "January 2 Late 2024"]
[Site "https://www.chess.com"]
[Date "2024.01.02"]
[Round "4"]
[White "Karpov, Vadim"]
[Black "Hua, Lefong"]
[Result "0-1"]
[Board "90"]
[TimeControl "180+1"]
[WhiteFideId "4155025"]
[BlackFideId "2602253"]
[WhiteElo "2431"]
[BlackElo "2673"]
[WhiteTeam "RUS"]
[BlackTeam "CAN"]
[WhiteClock "0:00:10"]
[BlackClock "0:00:35"]

1. Nf3 Nf6 2. c4 g6 3. g3 Bg7 4. Bg2 O-O 5. O-O c5 6. Nc3 Nc6 7. d4 d6 8. e3 cxd4 9. Nxd4 Bd7 10. Nde2 a6 11. b3 Rb8 12. a4 a5 13. Bb2 Nb4 14. Rc1 Bc6 15. Qd2 Qd7 16. Rfd1 Bxg2 17. Kxg2 Rfc8 18. Nf4 Qc6+ 19. Ncd5 e6 20. Kg1 exd5 21. cxd5 Qd7 22. Qe2 Rxc1 23. Rxc1 Nfxd5 24. Nxd5 Nxd5 25. Bxg7 Kxg7 26. Qb2+ Kg8 27. Rd1 Nb4 28. Qd4 Qe6 29. Qa7 Nc6 30. Qb6 d5 31. Rc1 Qd7 32. Rd1 Rd8 33. h4 h5 34. Rc1 d4 35. exd4 Nxd4 36. Rc7 Qd5 37. Rc5 Nf3+ 38. Kf1 Qd1+ 39. Kg2 Rd3 40. Rc8+ Kh7 0-1

[Event "January 2 Late 2024"]
[Site "https://www.chess.com"]
[Date "2024.01.02"]
[Round "4"]
[White "TheCavemanChess"]
[Black "Garrido, Denis"]
[Result "1-0"]
[Board "91"]
[TimeControl "180+1"]
[BlackFideId "601217"]
[WhiteElo "2670"]
[BlackElo "2417"]
[BlackTeam "FRA"]
[WhiteClock "0:01:28"]
[BlackClock "0:00:07"]

1. d4 Nf6 2. c4 c5 3. d5 d6 4. Nc3 g6 5. e4 Bg7 6. h3 O-O 7. Nf3 Na6 8. Be2 Nc7 9. O-O e6 10. a4 exd5 11. cxd5 Re8 12. Nd2 b6 13. Re1 Ba6 14. Bxa6 Nxa6 15. Nc4 Nb4 16. Bf4 Bf8 17. f3 a6 18. Bh2 Ra7 19. Qd2 Rd7 20. g4 Bg7 21. Kh1 Qb8 22. e5 dxe5 23. Nxe5 Rxd5 24. Nxd5 Nfxd5 25. Nxg6 Rxe1+ 26. Rxe1 Qa8 27. Nh4 c4 28. Qe2 Bf8 29. Qxc4 Ne7 30. Qxb4 1-0

[Event "January 2 Late 2024"]
[Site "https://www.chess.com"]
[Date "2024.01.02"]
[Round "4"]
[White "ArchibaldCerveza29"]
[Black "Banzea, Alexandru-Bogdan"]
[Result "0-1"]
[Board "92"]
[TimeControl "180+1"]
[BlackFideId "1232622"]
[WhiteElo "2416"]
[BlackElo "2668"]
[BlackTeam "ROU"]
[WhiteClock "0:00:04"]
[BlackClock "0:00:05"]

1. b3 d5 2. Bb2 c6 3. g3 Bf5 4. Bg2 e6 5. d3 Nf6 6. Nd2 h6 7. e3 a5 8. a3 Nbd7 9. Ne2 Bh7 10. h3 Bd6 11. O-O O-O 12. f4 Re8 13. e4 e5 14. fxe5 Bxe5 15. d4 Bb8 16. e5 Nxe5 17. dxe5 Bxe5 18. Bxe5 Rxe5 19. Nf3 Re3 20. Qd2 Qb6 21. Kh1 Ne4 22. Qd4 Qxd4 23. Nexd4 Nxg3+ 24. Kg1 Nxf1 25. Rxf1 Rae8 26. Kf2 Bxc2 27. Rc1 Bxb3 28. Rb1 a4 29. Nd2 Rd3 30. N2xb3 axb3 31. Nxb3 b6 32. Bf1 Rc3 33. Nd4 Ra8 34. Rxb6 Raxa3 35. Rxc6 Ra2+ 36. Be2 Rxc6 37. Nxc6 g6 38. Ne7+ Kg7 39. Nxd5 Ra5 40. Ne3 f5 41. Kf3 Ra3 42. Kf2 Kf6 43. h4 g5 44. hxg5+ hxg5 45. Bf3 g4 46. Bxg4 fxg4 47. Nxg4+ Kg5 48. Ne3 Kf4 49. Nd5+ Ke4 50. Nf6+ Ke5 51. Ng4+ Kf4 52. Nf6 Ra2+ 53. Ke1 Ra5 54. Kd2 Rc5 55. Kd3 Kf5 56. Kd4 Rc1 57. Nd5 Rd1+ 58. Kc4 Rc1+ 59. Nc3 Rh1 60. Kd3 Ke5 61. Ne2 Rh3+ 62. Kc4 Ke4 63. Nc3+ Ke5 64. Nb5 Ke4 65. Nc3+ Ke5 66. Nb5 Rh8 67. Kc5 Rc8+ 68. Kb6 Kd5 69. Nc7+ Kc4 70. Na6 Rh8 71. Nc7 Rh6+ 72. Kb7 Kc5 73. Na6+ Kd6 74. Kb6 Rh1 75. Kb5 Rb1+ 76. Nb4 Ke5 77. Kc4 Ke4 78. Kc3 Rh1 79. Kc4 Rh8 80. Kb3 Rc8 81. Nc2 Kd3 82. Nb4+ Kd2 83. Ka4 Kc3 84. Na2+ Kc4 85. Ka3 Ra8+ 86. Kb2 Rh8 87. Ka3 Rh2 88. Nb4 Rh3+ 89. Ka4 Rh1 90. Ka3 Rh8 91. Nc2 Kc3 92. Nb4 Ra8+ 93. Na6 Rxa6# 0-1

[Event "January 2 Late 2024"]
[Site "https://www.chess.com"]
[Date "2024.01.02"]
[Round "4"]
[White "Awoki, Daniel Teidi"]
[Black "Spata, German"]
[Result "0-1"]
[Board "93"]
[TimeControl "180+1"]
[WhiteFideId "2100827"]
[BlackFideId "113026"]
[WhiteElo "2416"]
[BlackElo "2656"]
[WhiteTeam "BRA"]
[BlackTeam "ARG"]
[WhiteClock "0:00:00"]
[BlackClock "0:00:03"]

1. e4 g6 2. d4 Bg7 3. Nc3 d6 4. Be3 a6 5. a4 b6 6. Qd2 c5 7. f3 Bb7 8. Bc4 Nd7 9. Nge2 cxd4 10. Bxd4 Ngf6 11. h4 Rc8 12. Bb3 Nc5 13. Nc1 Nxb3 14. Nxb3 O-O 15. Qe3 Rc6 16. a5 b5 17. Bb6 Qc8 18. Nd4 Rc4 19. Nce2 Nd7 20. c3 Nxb6 21. axb6 Qd8 22. Nb3 Rc6 23. Na5 Qxb6 24. Qxb6 Rxb6 25. Nxb7 Rxb7 26. Rxa6 b4 27. Kd2 bxc3+ 28. bxc3 Rb2+ 29. Kd3 Rc8 30. Rha1 Bf6 31. Ra8 Rxa8 32. Rxa8+ Kg7 33. h5 gxh5 34. Nf4 Be5 35. Nxh5+ Kh6 36. g4 Rf2 37. Ke3 Rc2 38. Rc8 Rxc3+ 39. Rxc3 Bxc3 40. Ng3 e6 41. Ne2 Bb2 42. f4 Kg6 43. Kf3 Kf6 44. Ng3 Kg6 45. Nh5 h6 46. Ng3 Bf6 47. Ne2 Bb2 48. Ng3 Kf6 49. Nh5+ Ke7 50. Ng3 Bg7 51. Ne2 d5 52. exd5 exd5 53. Ke3 Kd6 54. Kd3 Kc5 55. Ng3 Bf8 56. Nf5 Kc6 57. Kd4 Bc5+ 58. Ke5 Bf8 59. Nd4+ Kc5 60. Nf5 Kc4 61. Kf6 d4 62. Kxf7 Bc5 63. Kg6 d3 64. Ng3 d2 65. Nf5 d1=Q 66. Kxh6 Qd5 67. Kg5 Qe6 68. Kh4 Bd4 69. Kg3 Bf6 70. Kf3 Kd3 0-1

[Event "January 2 Late 2024"]
[Site "https://www.chess.com"]
[Date "2024.01.02"]
[Round "4"]
[White "Weinstein, Norman"]
[Black "Mirzoev, Azer"]
[Result "0-1"]
[Board "94"]
[TimeControl "180+1"]
[WhiteFideId "2000466"]
[BlackFideId "13400304"]
[WhiteElo "2414"]
[BlackElo "2653"]
[WhiteTeam "USA"]
[BlackTeam "AZE"]
[WhiteClock "0:00:00"]
[BlackClock "0:00:13"]

1. e4 c6 2. d4 d5 3. exd5 cxd5 4. c4 e6 5. Nc3 Nf6 6. Nf3 Bb4 7. cxd5 exd5 8. Bb5+ Nc6 9. Qe2+ Be7 10. O-O O-O 11. h3 Be6 12. Bxc6 bxc6 13. Be3 Qb6 14. Rac1 h6 15. Na4 Qb5 16. Qxb5 cxb5 17. Nc5 Rfc8 18. Ne5 Ne4 19. b4 Nd6 20. a4 bxa4 21. Nxa4 Nc4 22. Nc5 Rab8 23. Rb1 Bf5 24. Ra1 Rxb4 25. Nxc4 Rxc4 26. Rxa7 Bxc5 27. dxc5 d4 28. Bf4 R8xc5 29. Rfa1 d3 30. Ra8+ Kh7 31. Be3 Rd5 32. Rd1 Rc2 33. Rd2 Rb5 34. g4 Be4 35. Re8 f5 36. gxf5 Bxf5 37. Kh2 Rbb2 38. Rxc2 dxc2 39. Re5 Kg6 40. Rc5 Rb1 41. Rc6+ Kh7 42. Rc7 Rd1 43. h4 Be4 44. Kg3 Bd3 45. Bd4 Kg6 46. Rxg7+ Kf5 47. Be3 c1=Q 48. Bxc1 Rxc1 0-1

[Event "January 2 Late 2024"]
[Site "https://www.chess.com"]
[Date "2024.01.02"]
[Round "4"]
[White "Feuerstack, Aljoscha"]
[Black "Zakarian, David"]
[Result "1/2-1/2"]
[Board "95"]
[TimeControl "180+1"]
[WhiteFideId "4681932"]
[BlackFideId "13301276"]
[WhiteElo "2651"]
[BlackElo "2400"]
[WhiteTeam "GER"]
[BlackTeam "ARM"]
[WhiteClock "0:00:59"]
[BlackClock "0:00:33"]

1. e4 c5 2. Nf3 e6 3. g3 Nc6 4. d3 d6 5. Bg2 Nf6 6. O-O Be7 7. Re1 O-O 8. c3 Qc7 9. d4 cxd4 10. cxd4 e5 11. Nc3 Bg4 12. dxe5 dxe5 13. h3 Bxf3 14. Bxf3 Rfd8 15. Nd5 Nxd5 16. exd5 Nd4 17. Bg2 Nc2 18. Be3 Nxa1 19. Qxa1 Bd6 20. Qd1 Rac8 21. Be4 g6 22. g4 Qc4 23. Bg5 Rd7 24. b3 Qd4 25. Qf3 Rc3 26. Be3 Qb4 27. Re2 Bc5 28. Bd2 Rxf3 29. Bxb4 Rxf2 30. Rxf2 Bxb4 31. Rc2 Bd6 32. Kf2 Rc7 33. Rxc7 Bxc7 34. d6 Bxd6 35. Bxb7 1/2-1/2

[Event "January 2 Late 2024"]
[Site "https://www.chess.com"]
[Date "2024.01.02"]
[Round "4"]
[White "Bueno, Alfeu Junior Varela"]
[Black "Olsen, Filip Boe"]
[Result "0-1"]
[Board "96"]
[TimeControl "180+1"]
[WhiteFideId "2108879"]
[BlackFideId "1440640"]
[WhiteElo "2382"]
[BlackElo "2650"]
[WhiteTeam "BRA"]
[BlackTeam "DEN"]
[WhiteClock "0:00:00"]
[BlackClock "0:00:48"]

1. e4 c6 2. d4 d5 3. f3 e6 4. Nc3 Bb4 5. Bf4 Nd7 6. Ne2 Ne7 7. a3 Ba5 8. Qd3 b5 9. Bd6 Bc7 10. Bxc7 Qxc7 11. g3 a6 12. Bg2 Bb7 13. f4 dxe4 14. Nxe4 c5 15. dxc5 Nxc5 16. Qd6 Rc8 17. Qxc7 Rxc7 18. Nd6+ Kf8 19. Nxb7 Nxb7 20. O-O-O g6 21. Rd3 Kg7 22. Rhd1 Nc5 23. Rc3 Rhc8 24. Nd4 Na4 25. Rxc7 Rxc7 26. Nb3 Nf5 27. Be4 Ne3 28. Re1 Nc4 29. Rd1 Naxb2 30. Rd8 Na4 31. Bd3 Nxa3 32. Ra8 Rc6 0-1

[Event "January 2 Late 2024"]
[Site "https://www.chess.com"]
[Date "2024.01.02"]
[Round "4"]
[White "Atanasov, Anthony"]
[Black "Khodabandeh, Milad"]
[Result "1-0"]
[Board "97"]
[TimeControl "180+1"]
[WhiteFideId "2623897"]
[BlackFideId "12538620"]
[WhiteElo "2648"]
[BlackElo "2380"]
[WhiteTeam "CAN"]
[BlackTeam "IRI"]
[WhiteClock "0:02:38"]
[BlackClock "0:00:00"]

1. d4 d5 2. Bf4 Nf6 3. e3 c5 4. Nf3 Nc6 5. Nbd2 e6 6. c3 Bd6 7. Bg3 O-O 8. Bd3 Re8 9. Ne5 cxd4 10. exd4 Bxe5 11. dxe5 Nd7 12. h4 Ndxe5 13. Bxe5 Nxe5 14. Bxh7+ Kxh7 15. Qh5+ Kg8 16. Qxe5 f6 17. Qg3 e5 18. h5 Bf5 19. h6 g6 20. O-O-O Qd7 21. Nc4 Qa4 22. Ne3 Qe4 23. Nxf5 Qxf5 24. Rxd5 Rad8 25. Rhd1 Rxd5 26. Rxd5 Kh7 27. Qd3 Qxd3 28. Rxd3 Re7 29. Rh3 f5 30. f3 e4 31. Kd2 exf3 32. gxf3 f4 33. Rh4 Rf7 34. Kd3 g5 35. Rh5 Kg6 36. h7 Rxh7 37. Rxh7 Kxh7 38. Ke4 Kg6 39. c4 a5 40. b3 Kf6 41. a3 Ke6 42. b4 axb4 43. axb4 b6 44. c5 bxc5 45. bxc5 Kd7 46. Kf5 Kc6 47. Kxg5 Kxc5 48. Kxf4 Kd6 49. Kf5 Ke7 50. Kg6 Kf8 51. Kf6 Ke8 52. f4 Kf8 53. f5 Kg8 54. Ke7 1-0

[Event "January 2 Late 2024"]
[Site "https://www.chess.com"]
[Date "2024.01.02"]
[Round "4"]
[White "Arias Igual, Alejandro"]
[Black "Ozates, Tuna"]
[Result "0-1"]
[Board "98"]
[TimeControl "180+1"]
[WhiteFideId "2254905"]
[BlackFideId "6354521"]
[WhiteElo "2371"]
[BlackElo "2647"]
[WhiteTeam "ESP"]
[BlackTeam "TUR"]
[WhiteClock "0:00:00"]
[BlackClock "0:00:06"]

1. e4 c5 2. Nf3 Nc6 3. Bb5 g6 4. Bxc6 bxc6 5. O-O Bg7 6. c3 Nh6 7. h3 O-O 8. d4 cxd4 9. cxd4 f5 10. e5 Nf7 11. Nc3 e6 12. Be3 g5 13. Ne1 Rb8 14. Nd3 Ba6 15. b3 Qa5 16. Rc1 f4 17. Ne4 fxe3 18. fxe3 Bxd3 19. Qxd3 Qxa2 20. Nc5 Nh6 21. Rxf8+ Rxf8 22. Nxd7 Qf2+ 23. Kh1 Nf5 24. Nc5 Nxe3 25. Rg1 Nd5 26. Nxe6 Re8 27. Nxg5 h6 28. Qh7+ Kf8 29. Nf3 Ne3 30. Qf5+ Nxf5 31. Ng5 Ng3+ 32. Kh2 hxg5 33. Rf1 Nxf1+ 34. Kh1 Ng3+ 35. Kh2 Rxe5 36. h4 Ne4 37. Kh3 Rf5 38. Kg4 Qg3+ 39. Kh5 Qf4 0-1

[Event "January 2 Late 2024"]
[Site "https://www.chess.com"]
[Date "2024.01.02"]
[Round "4"]
[White "Keleberda, Tymur"]
[Black "CRObliterator"]
[Result "1-0"]
[Board "99"]
[TimeControl "180+1"]
[WhiteFideId "14174294"]
[WhiteElo "2645"]
[BlackElo "2363"]
[WhiteTeam "CAN"]
[WhiteClock "0:01:49"]
[BlackClock "0:01:01"]

1. c4 c5 2. g3 Nf6 3. Bg2 g6 4. Nf3 Bg7 5. O-O O-O 6. Nc3 Nc6 7. e3 b6 8. d4 cxd4 9. exd4 d5 10. cxd5 Nxd5 11. Nxd5 Qxd5 12. Ne5 Qd6 13. Nxc6 Bb7 14. Bf4 Qd7 15. d5 Bxb2 16. Rb1 Bf6 17. Re1 Rfe8 18. Qf3 Ba6 19. Be5 Kg7 20. d6 Bxe5 21. Nxe5 Qe6 22. d7 Red8 23. Qxa8 Rxa8 24. Bxa8 1-0

[Event "January 2 Late 2024"]
[Site "https://www.chess.com"]
[Date "2024.01.02"]
[Round "4"]
[White "Gerbelli Neto, Eduardo"]
[Black "Rojas Alarcon, Julian Antonio"]
[Result "1/2-1/2"]
[Board "100"]
[TimeControl "180+1"]
[WhiteFideId "2103281"]
[BlackFideId "5107407"]
[WhiteElo "2360"]
[BlackElo "2645"]
[WhiteTeam "BRA"]
[BlackTeam "MEX"]
[WhiteClock "0:00:22"]
[BlackClock "0:00:32"]

1. e4 d5 2. exd5 Qxd5 3. Nc3 Qd6 4. Bc4 Nf6 5. d3 c6 6. Qe2 b5 7. Bb3 a5 8. a4 b4 9. Ne4 Nxe4 10. Qxe4 Nd7 11. Nf3 e5 12. Ng5 Nf6 13. Bxf7+ Ke7 14. Qh4 h6 15. Bc4 Bf5 16. Ne4 Bxe4 17. dxe4 Qd4 18. Bd3 c5 19. O-O c4 20. Be3 Qxb2 21. Bxc4 Qxc2 22. Bd5 Rd8 23. Rac1 Qe2 24. Rc7+ Rd7 25. Bc5+ Kd8 26. Rxd7+ Kxd7 27. Qh3+ Qg4 28. Qe3 Nxd5 29. exd5 Qf4 30. Qh3+ Kd8 31. Bb6+ Ke8 32. Qe6+ Be7 33. d6 Qf6 34. Qxe7+ Qxe7 35. dxe7 Kxe7 36. Bxa5 Rb8 37. Rb1 b3 38. Bc7 Ra8 39. Rxb3 Rxa4 40. Bxe5 g5 41. Re3 Kf7 42. g3 h5 43. Kg2 Kg6 44. h3 g4 45. Bc3 gxh3+ 46. Kxh3 Ra2 47. f3 Rc2 48. Bd4 Rd2 49. Re4 Rd1 50. Re5 Rxd4 51. f4 Rd2 52. Rg5+ Kh6 53. Re5 Kg6 54. Rg5+ Kh6 55. Ra5 Kg6 56. Ra6+ Kg7 57. Kh4 Rh2+ 58. Kg5 Rh3 59. g4 hxg4 60. Kxg4 Rh1 61. Kg5 Rg1+ 62. Kf5 Rb1 63. Ra7+ Kf8 64. Kg6 Rb6+ 65. Kg5 Rb1 66. f5 Rb2 67. Kg6 Rg2+ 68. Kf6 Kg8 69. Ra8+ Kh7 70. Kf7 Rb2 71. Ra7 Rb8 72. f6 Kh6 73. Re7 Ra8 74. Re8 Ra7+ 75. Kf8 Kg6 76. Re6 Rf7+ 77. Ke8 Rxf6 78. Rxf6+ Kxf6 1/2-1/2

[Event "January 2 Late 2024"]
[Site "https://www.chess.com"]
[Date "2024.01.02"]
[Round "4"]
[White "Espinoza Villanueva, Rodrigo"]
[Black "Shohat, Yotam"]
[Result "1/2-1/2"]
[Board "101"]
[TimeControl "180+1"]
[WhiteFideId "5140188"]
[BlackFideId "2813955"]
[WhiteElo "2642"]
[BlackElo "2352"]
[WhiteTeam "MEX"]
[BlackTeam "ISR"]
[WhiteClock "0:00:41"]
[BlackClock "0:00:04"]

1. Nf3 Nf6 2. g3 d5 3. Bg2 e6 4. O-O Be7 5. d3 O-O 6. Nbd2 c5 7. e4 Nc6 8. Re1 b6 9. e5 Nd7 10. Nf1 Qc7 11. Bf4 Bb7 12. h4 Rfc8 13. c3 b5 14. Ne3 Qd8 15. h5 b4 16. Ng4 bxc3 17. bxc3 Rab8 18. Qd2 Ba6 19. Rad1 Nb6 20. h6 g6 21. Bg5 Nd7 22. Qf4 Rb2 23. Bf1 Rcb8 24. Bxe7 Nxe7 25. Ng5 Nf5 26. Nf3 Rxa2 27. Ne3 Rbb2 28. Nxf5 gxf5 29. Ra1 Rxf2 30. Rxa2 Rxa2 31. g4 Nf8 32. gxf5 exf5 33. Qxf5 Bc8 34. Qf6 Qxf6 35. exf6 Be6 36. Rb1 Nd7 37. d4 c4 38. Ne5 Kf8 39. Bg2 Nxf6 40. Rb8+ Ke7 41. Rb7+ Kf8 42. Rb8+ Ke7 43. Rb7+ Ke8 44. Rb8+ Ke7 1/2-1/2